 Dungeon Crawl Stone Soup version 0.21.1-1-g345015fe64 (webtiles) character file.

50 Hercules1031 the Ruffian (level 3, -1/20 HPs)
             Began as a Gargoyle Transmuter on June 9, 2018.
             Killed by divine providence
             ... invoked by an orc priest
              (13 damage)
             ... on level 3 of the Dungeon.
             The game lasted 00:08:40 (1191 turns).

Hercules1031 the Ruffian (Gargoyle Transmuter)      Turns: 1191, Time: 00:08:41

Health: -1/20      AC:  7    Str: 13    XL:     3   Next: 79%
Magic:  6/6        EV: 11    Int: 14    God:
Gold:   67         SH:  0    Dex: 10    Spells: 1/7 levels left

rFire    . . .     SeeInvis .     - Unarmed
rCold    . . .     Gourm    .   (no shield)
rNeg     + . .     Faith    .   f - +0 leather armour
rPois    ∞         Spirit   .   (no helmet)
rElec    +         Reflect  .   n - +0 cloak
rCorr    .         Harm     .   (no gloves)
MR       .....                  (no boots)
Stlth    +.........             (no amulet)
HPRegen  0.06/turn              (no ring)
MPRegen  0.10/turn              (no ring)

@: no status effects
A: negative energy resistance 1, electricity resistance, unbreathing,
petrification resistance, rot immunity, AC +3
a: no special abilities


You were on level 3 of the Dungeon.
You were not hungry.

You visited 1 branch of the dungeon, and saw 3 of its levels.

You collected 67 gold pieces.

Inventory:

Missiles
 a - 12 arrows
Armour
 b - a +0 robe
 f - a +0 leather armour (worn)
 g - a cursed +0 scale mail
 n - a +0 cloak (worn)
Wands
 o - a wand of enslavement (11)
Scrolls
 d - a scroll of enchant armour {unknown}
 e - a scroll of enchant weapon {unknown}
 h - a scroll of teleportation
 k - a scroll of identify {unknown}
 l - 2 scrolls of fog {unknown}
Potions
 i - a potion of degeneration {unknown}
 m - a potion of resistance {unknown}
Books
 c - a book of Changes

   Spells                             Type                      Level
   a - Beastly Appendage              Transmutation                1
   b - Sticks to Snakes               Transmutation                2
   c - Spider Form                    Transmutation/Poison         3
   d - Ice Form                       Ice/Transmutation            4
   e - Blade Hands                    Transmutation                5
Comestibles
 j - a ration


   Skills:
 + Level 1.5 Fighting
 + Level 2.0 Dodging
 + Level 3.3 Unarmed Combat
 * Level 2.5 Spellcasting
 * Level 2.1 Transmutations


You had one spell level left.
You knew the following spells:

 Your Spells              Type           Power        Failure   Level  Hunger
a - Beastly Appendage     Tmut           #.....       12%         1    #......
b - Sticks to Snakes      Tmut           #.......     19%         2    ###....
c - Spider Form           Tmut/Pois      #.........   50%         3    ###....


Dungeon Overview and Level Annotations

Branches:
Dungeon (3/15)

Altars:


Innate Abilities, Weirdness & Mutations

You are resistant to torment.
Your stone body is resilient. (AC +3)
You are immune to poison.
You resist negative energy. (rN+)
You are resistant to electric shocks. (rElec)
You can survive without breathing.
You are immune to petrification.
You are immune to rotting.


Message History

You hit the orc.
You kill the orc!
The bat hits you but does no damage. The bat barely misses you.
You closely miss the orc. The bat closely misses you. The bat hits you.
The orc closely misses you.
You completely miss the orc. The bat misses you. The bat barely misses you. x2
The orc barely misses you.
You hit the orc.
The orc is heavily wounded.
The bat hits you but does no damage. The bat closely misses you.
The bat barely misses you. The orc hits you but does no damage.
An orc priest comes into view. It is wielding a trident.
You hit the orc.
You kill the orc!
The bat barely misses you. The bat hits you but does no damage.
The bat hits you.
The orc priest calls down the wrath of Beogh upon you.
Beogh smites you!
Ouch! That really hurt!
You die...

#.##..##.
#.....<..
#..#..#.. ###
#..#..... o.#
#..#..... #o#
#..#.#.#. #o#
#..#.#.#.
#)########........
#@b...............
#b##########....##
#h# ##.#.# #..
#.#... ... ..# ##
##.. ( .# .. ...


You could see an orc priest, 2 orcs, a jackal and 2 bats.

Vanquished Creatures
  An adder (D:3)
  A dart slug (D:1)
  A leopard gecko (D:1)
  2 orcs (D:3)
  A giant cockroach (D:1)
  2 goblins
  2 hobgoblins (D:1)
  4 jackals (D:1)
  A ball python (D:1)
  3 bats (D:1)
  4 frilled lizards
  6 kobolds (D:1)
  10 rats
38 creatures vanquished.

Notes
Turn   | Place    | Note
-------+----------+-------------------------------------------
     0 | D:1      | Hercules1031 the Gargoyle Transmuter began the quest for the Orb.
     0 | D:1      | Reached XP level 1. HP: 12/12 MP: 3/3
    97 | D:1      | Reached XP level 2. HP: 16/16 MP: 3/5
   242 | D:1      | Learned a level 2 spell: Sticks to Snakes
   472 | D:1      | Reached XP level 3. HP: 10/20 MP: 6/6
   558 | D:1      | HP: 1/20 [leopard gecko (3)]
   785 | D:2      | Learned a level 3 spell: Spider Form
  1191 | D:3      | Killed from afar by an orc priest

Skill      XL: |  1  2  3 |
---------------+----------+-----
Transmutations | 2 |  2.1
Dodging        | 2 |  2.0
Fighting       | |  1.5
Unarmed Combat | |  3.3
Spellcasting   | |  2.5

Action                   || total
-------------------------++-------
Melee: Unarmed           ||   178
       Headbutt          ||     4
       Kick              ||     3
       Punch             ||     2
 Cast: Beastly Appendage ||    12
       Spider Form       ||     1
  Use: Scroll            ||     3
  Eat: Ration            ||     1
Armor: Robe              ||    39
       Leather armour    ||    96
Dodge: Dodged            ||   167
